 Dungeon Crawl Stone Soup version 0.28.0-43-g3370ac3207 (webtiles) character file.

Game seed: 4123682443796496637

8223 RascalDebosk the Cleaver (level 11, -2/99 HPs)
             Began as a Minotaur Berserker on Mar 29, 2022.
             Was an Elder of Trog.
             Slain by a six-headed hydra (10 damage)
             ... on level 9 of the Dungeon.
             The game lasted 01:04:07 (9162 turns).

RascalDebosk the Cleaver (Minotaur Berserker)       Turns: 9162, Time: 01:04:09

Health: -2/99      AC: 21    Str: 23    XL:     11   Next: 7%
Magic:  0/10       EV:  7    Int:  6    God:    Trog [****..]
Gold:   184        SH:  0    Dex: 11    Spells: 10/10 levels left

rFire   . . .      SeeInvis .   v - +1 battleaxe (elec)
rCold   + . .      Faith    .   (shield currently unavailable)
rNeg    . . .      Spirit   +   t - +0 plate armour
rPois   .          Reflect  .   B - +1 hat
rElec   .          Harm     .   g - +1 cloak
rCorr   .          Rampage  .   u - +1 pair of gloves
Will    .....                   j - +0 pair of boots
Stlth   ..........              d - amulet of guardian spirit
HPRegen 0.26/turn               p - ring of protection from cold
MPRegen 0.12/turn               (no ring)

@: on berserk cooldown, slowed, very slow
A: horns 2, retaliatory headbutt
a: Renounce Religion, Berserk, Trog's Hand, Brothers in Arms


You were on level 9 of the Dungeon.
You worshipped Trog.
Trog was greatly pleased with you.
You visited 2 branches of the dungeon, and saw 10 of its levels.

You collected 349 gold pieces.
You spent 165 gold pieces at shops.

Inventory:

Hand Weapons
 q - a +0 battleaxe
 v - a +1 battleaxe of electrocution (weapon)
Missiles
 b - 3 throwing nets
 f - 56 stones (quivered)
 m - 2 boomerangs
 o - 19 poisoned darts
 x - a curare-tipped dart
Armour
 g - a +1 cloak (worn)
 j - a +0 pair of boots (worn)
 t - a +0 plate armour (worn)
 u - a +1 pair of gloves (worn)
 B - a +1 hat (worn)
Jewellery
 d - an amulet of guardian spirit (around neck)
 n - a ring of fire
 p - a ring of protection from cold (left hand)
 w - an amulet of magic regeneration
 C - an amulet of the acrobat
Wands
 y - a wand of flame (50)
Scrolls
 a - a scroll of identify
 c - 2 scrolls of immolation
 e - 3 scrolls of teleportation
 r - 2 scrolls of magic mapping
 s - a scroll of fear
 A - a scroll of fog
 D - a scroll of noise
Potions
 h - a potion of magic
 i - 2 potions of curing
 k - a potion of flight
 l - a potion of haste
 z - a potion of might


   Skills:
 + Level 9.9 Fighting
 + Level 10.0 Axes
 + Level 7.6 Throwing
 + Level 9.5 Armour
 - Level 2.1 Dodging
 + Level 6.9 Evocations


You had 10 spell levels left.
You didn't know any spells.
Your spell library was empty.

Dungeon Overview and Level Annotations

Branches:
Dungeon (9/15)             Temple (1/1) D:4
   Lair: D:8-11         Orc: D:9-12

Altars:
Ashenzari
Cheibriados
Dithmenos
Elyvilon
Fedhas
Gozag
Hepliaklqana
Kikubaaqudgha
Makhleb
Nemelex Xobeh
Okawaru
Qazlal
Ru
Sif Muna
Trog
Uskayaw
Vehumet
Wu Jian
Xom
Yredelemnul
Zin
The Shining One
Beogh

Shops:
D:2 !


Innate Abilities, Weirdness & Mutations

You have a pair of horns on your head.
You reflexively headbutt those who attack you in melee.


Message History

The howler monkey hoots and howls with incredible vigour!
You hear a shout! x4
You slash the howler monkey!
You kill the howler monkey!
Trog accepts your kill.
You feel a strong urge to attack something.
You are no longer berserk.
You are exhausted.
You feel yourself slow down. The six-headed hydra bites you!
The six-headed hydra bites you.
The six-headed hydra bites you but does no damage. x4
The six-headed hydra bites you.
The six-headed hydra bites you but does no damage.
The six-headed hydra barely misses you. x2
The six-headed hydra bites you but does no damage. x2
The six-headed hydra bites you but does no damage. x2
The six-headed hydra bites you! The six-headed hydra bites you.
The six-headed hydra barely misses you. The six-headed hydra bites you.
The six-headed hydra bites you but does no damage. x2
The six-headed hydra bites you. x2
The six-headed hydra closely misses you.
The six-headed hydra bites you. The six-headed hydra bites you.
The six-headed hydra barely misses you.
The six-headed hydra bites you but does no damage.
The six-headed hydra bites you. x2; The six-headed hydra bites you!
* * * LOW HITPOINT WARNING * * *
The six-headed hydra bites you!
* * * LOW HITPOINT WARNING * * *
The six-headed hydra bites you but does no damage. x2
The six-headed hydra closely misses you.
The six-headed hydra bites you but does no damage.
The six-headed hydra barely misses you.
There is a stone staircase leading down here.
The six-headed hydra bites you!
* * * LOW HITPOINT WARNING * * *
The six-headed hydra bites you.
* * * LOW HITPOINT WARNING * * *
The six-headed hydra bites you but does no damage. x3
The six-headed hydra bites you!
You die...

#... #..# ###..### ##
......# .# #..#.# #.#
#))#.# #.# #.)#.## #.#
#.)<..######.#
#...@DucF.Tg.# ######
##..).#####K.# #.....
#...## #..###..##
.######.#.# #...T..#)#
........(.######.###..##Du
#####.#.#........# #...#cY
(..........####### #...#Kg
#######.#..# #...##T
###..# #....#.


You could see a six-headed hydra, a cyan ugly thing, a troll, a kobold brigand,
a bullfrog, a centaur and a gnoll shaman.

Vanquished Creatures
  Gastronok (D:8)
  A two-headed ogre (D:9)
  Prince Ribbit (D:6)
  Grinder (D:3)
  6 yaks (D:8)
  Sigmund (D:2)
  A wyvern (D:7)
  Grum (D:8)
  2 steam dragons (D:7)
  Menkaure (D:7)
  4 vampire mosquitoes (D:8)
  A water moccasin (D:8)
  6 orc warriors
  A sky beast (D:7)
  A hornet zombie (D:7)
  3 necrophages
  A black bear (D:7)
  2 ice beasts
  3 wolves (D:8)
  2 ogres
  4 centaurs
  2 phantoms
  2 kobold brigands (D:7)
  Blork the orc (D:6)
  3 bullfrogs
  3 scorpions
  A water moccasin skeleton (D:5)
  4 wights (D:7)
  4 howler monkeys
  2 hounds
  A jelly (D:6)
  Crazy Yiuf (D:6)
  A bullfrog skeleton (D:7)
  3 orc priests
  A gnoll shaman (D:8)
  4 iguanas
  Terence (D:3)
  7 orc wizards
  A hound zombie (D:5)
  A hound skeleton (D:4)
  2 howler monkey skeletons
  8 adders
  10 gnolls
  2 shadow imps (D:7)
  2 ufetubi
  3 worms
  A dart slug (D:1)
  20 orcs
  9 endoplasms
  5 giant cockroaches
  8 goblins
  10 hobgoblins
  11 jackals
  6 quokkas
  6 ball pythons
  3 bats
  3 frilled lizards (D:2)
  16 kobolds
  4 rats
216 creatures vanquished.

Vanquished Creatures (others)
  4 kobolds (D:7)
  A fungus (D:6)
5 creatures vanquished.

Grand Total: 221 creatures vanquished

Notes
Turn   | Place    | Note
-------+----------+-------------------------------------------
     0 | D:1      | RascalDebosk the Minotaur Berserker began the quest for the
                  | Orb.
     0 | D:1      | Reached XP level 1. HP: 19/19 MP: 0/0
    66 | D:1      | Reached XP level 2. HP: 24/27 MP: 1/1
   383 | D:1      | Reached skill level 4 in Axes
   689 | D:1      | Reached XP level 3. HP: 33/33 MP: 2/2
   723 | D:1      | Reached skill level 1 in Throwing
   990 | D:1      | Reached skill level 1 in Evocations
  1012 | D:1      | Found a faded altar of an unknown god.
  1453 | D:2      | Reached ** piety under Trog
  1702 | D:2      | Found Yzog's Distillery.
  1721 | D:2      | Bought a potion of degeneration for 11 gold pieces
  1955 | D:2      | Noticed Sigmund
  1960 | D:2      | Reached XP level 4. HP: 35/40 MP: 1/3
  1968 | D:2      | Killed Sigmund
  1969 | D:2      | Reached XP level 5. HP: 44/47 MP: 0/4
  2430 | D:3      | Noticed Grinder
  2439 | D:3      | Killed Grinder
  2440 | D:3      | Reached skill level 5 in Fighting
  2440 | D:3      | Reached skill level 5 in Axes
  2440 | D:3      | Reached XP level 6. HP: 56/56 MP: 5/5
  2732 | D:4      | Found a bloodstained altar of Trog.
  2774 | D:4      | Found a burning altar of Makhleb.
  2774 | D:4      | Found a basalt altar of Yredelemnul.
  2942 | D:4      | Found a shimmering blue altar of Sif Muna.
  2950 | D:4      | Reached XP level 7. HP: 61/61 MP: 6/6
  3101 | D:2      | Bought a potion of curing for 33 gold pieces
  3101 | D:2      | Bought a potion of mutation for 88 gold pieces
  3101 | D:2      | Bought a potion of flight for 33 gold pieces
  3360 | D:3      | Noticed Terence
  3364 | D:3      | Killed Terence
  4002 | D:4      | Reached skill level 5 in Armour
  4106 | D:4      | Found a staircase to the Ecumenical Temple.
  4112 | Temple   | Entered the Ecumenical Temple
  4316 | D:5      | Entered Level 5 of the Dungeon
  4551 | D:5      | Reached skill level 6 in Axes
  4661 | D:5      | Reached XP level 8. HP: 70/70 MP: 7/7
  4674 | D:5      | Found a white marble altar of Elyvilon.
  4823 | D:6      | Noticed Prince Ribbit
  5001 | D:6      | Killed Prince Ribbit
  5158 | D:6      | Reached *** piety under Trog
  5159 | D:6      | Reached skill level 7 in Axes
  5412 | D:6      | Reached skill level 5 in Throwing
  5722 | D:6      | Found a runed translucent door.
  5723 | D:6      | Noticed Crazy Yiuf
  5731 | D:6      | Killed Crazy Yiuf
  5732 | D:6      | Reached XP level 9. HP: 79/79 MP: 6/8
  5945 | D:6      | Noticed Blork the orc
  5954 | D:6      | Killed Blork the orc
  6401 | D:7      | Reached skill level 5 in Evocations
  6404 | D:7      | Identified the +10 ring mail of the Journeyman {Drain rN++
                  | Regen+ Int-3}
  6506 | D:7      | Reached skill level 8 in Axes
  7150 | D:7      | Noticed Menkaure
  7156 | D:7      | Killed Menkaure
  7692 | D:7      | Reached XP level 10. HP: 90/90 MP: 9/9
  7696 | D:7      | Found a sacrificial altar of Ru.
  7699 | D:7      | Found an opulent altar of Gozag.
  7702 | D:7      | Found an iron altar of Okawaru.
  7956 | D:8      | Reached skill level 9 in Axes
  8482 | D:8      | Found a broken altar of Ashenzari.
  8572 | D:8      | Noticed Grum
  8580 | D:8      | Killed Grum
  8615 | D:8      | Reached **** piety under Trog
  8745 | D:8      | Noticed Gastronok
  8756 | D:8      | Killed Gastronok
  9131 | D:9      | Noticed a two-headed ogre
  9136 | D:9      | Killed a two-headed ogre
  9137 | D:9      | Reached skill level 10 in Axes
  9137 | D:9      | Reached XP level 11. HP: 99/99 MP: 7/10
  9137 | D:9      | Noticed a cyan ugly thing
  9137 | D:9      | Noticed a six-headed hydra
  9162 | D:9      | Slain by a six-headed hydra

Illustrated notes

Levels and vault maps discovered:
D:1:      lemuel_arrival_rhombus, layout_basic,
          hellmonk_ecumenical_altar_defaced_shrine
D:2:      layout_loops_corners, serial_shops, shop, minmay_fountain_box,
          uniq_sigmund
D:3:      layout_basic, st_stairs_12, uniq_grinder, uniq_terence
D:4:      layout_basic, kennysheep_mini, amcnicky_altar_gilded,
          grunt_temple_overflow_open, minmay_temple_entry_enclosed_plants
D:5:      layout_rooms, elyvilon_altar_4
D:6:      layout_basic, uniq_blork_the_orc, uniq_prince_ribbit1,
          uniq_crazy_yiuf_cottage
D:7:      layout_loops_ring, minmay_overflow_temple_star_quad,
          minmay_starry_boxes, uniq_menkaure
D:8:      layout_rooms, kennysheep_mini_moat, uniq_gastronok, uniq_grum
D:9:      layout_loops_ring, minmay_pinched_square, uniq_harold
Temple:   cyrus_circular_temple

Skill      XL: |  1  2  3  4  5  6  7  8  9 10 |
---------------+-------------------------------+-----
Axes           | 4 5 6 7 8 10 | 10.0
Throwing       | 1 2 3 5 6 7 |  7.6
Fighting       | 4 5 6 7 8 9 |  9.9
Evocations     | 1 2 3 4 5 6 |  6.9
Armour         | 3 4 5 6 8 9 |  9.5
Dodging        | |  2.1

Action                   |  1- 3 |  4- 6 |  7- 9 | 10-12 || total
-------------------------+-------+-------+-------+-------++-------
Melee: Hand axe          |    92 |    58 |   137 |       ||   287
       Headbutt          |    16 |     5 |    46 |    16 ||    83
       Punch             |       |     1 |       |       ||     1
       Battleaxe         |       |       |   121 |   102 ||   223
Throw: Stone             |       |    12 |    38 |       ||    50
Invok: Berserk           |     1 |     3 |    12 |     5 ||    21
       Trog's Hand       |       |     1 |     5 |     1 ||     7
  Use: Scroll            |       |     6 |     8 |       ||    14
       Potion            |       |       |     1 |     3 ||     4
 Stab: Sleeping          |     1 |     3 |       |       ||     4
Armor: Animal skin       |    16 |     5 |       |       ||    21
       Scale mail        |       |     3 |    78 |       ||    81
       Plate armour      |       |       |    82 |   148 ||   230
Dodge: Dodged            |    54 |    31 |   133 |    64 ||   282
